 Dungeon Crawl Stone Soup version 0.19.0-2-gae57169 (webtiles) character file.

316 Jerry the Covered (level 6, -5/50 HPs)
             Began as a Formicid Fighter on Nov 3, 2016.
             Was an Initiate of Makhleb.
             Slain by an ogre
             ... wielding a +0 giant club
              (15 damage)
             ... on level 4 of the Dungeon.
             The game lasted 00:18:28 (3972 turns).

Jerry the Covered (Formicid Fighter)                Turns: 3972, Time: 00:18:28

Health: -5/50      AC:  5    Str: 21    XL:     6   Next: 73%
Magic:  6/6        EV:  9    Int:  7    God:    Makhleb [......]
Gold:   192        SH: 10    Dex: 15    Spells: 0 memorised, 5 levels left

rFire  + . .     SeeInvis +     a - +0 long sword
rCold  + . .     Gourm    .     C - +1 leather armour "Xuhacsi" {rC+ MR+ Dex+3}
rNeg   . . .     Faith    .     c - +0 shield
rPois  .         Spirit   .     (helmet unavailable)
rElec  .         Reflect  .     j - +0 cloak
rCorr  .         Harm     .     (no gloves)
MR     +....                    (no boots)
Stlth  ..........               (no amulet)
                                v - ring of protection from fire
                                g - ring of loudness (curse)

@: no status effects
A: permanent stasis, dig shafts and tunnels, four strong arms, antennae 3, claws
1, hooves 1, MP-powered wands
a: Dig, Shaft Self, Renounce Religion


You were on level 4 of the Dungeon.
You worshipped Makhleb.
Makhleb was noncommittal.
You were not hungry.

You visited 1 branch of the dungeon, and saw 4 of its levels.
You also visited: Sewer.

You collected 192 gold pieces.

Inventory:

Hand Weapons
 a - a +0 long sword (weapon)
 y - a +0 blowgun
Missiles
 p - 13 sling bullets
 w - 2 throwing nets (quivered)
 A - 10 poisoned needles
Armour
 b - a +0 scale mail
 c - a +0 shield (worn)
 j - a +0 cloak (worn)
 C - the +1 leather armour "Xuhacsi" (worn) {rC+ MR+ Dex+3}
   (You found it on level 4 of the Dungeon)

   It affects your dexterity (+3).
   It protects you from cold.
   It affects your resistance to hostile enchantments.
Jewellery
 g - a cursed ring of loudness (left claw)
 v - a ring of protection from fire (right claw)
Scrolls
 e - 2 scrolls of identify {unknown}
 h - 3 scrolls of remove curse {unknown}
 k - a scroll of enchant armour {unknown}
 n - 2 scrolls of noise {unknown}
 r - a scroll of random uselessness {unknown}
 s - a scroll of amnesia {unknown}
Potions
 d - 2 potions of might
 i - 4 potions of flight
 o - 2 potions of berserk rage
 q - 2 potions of degeneration {unknown}
 u - a potion of haste {unknown}
 z - a potion of lignification
 D - a potion of curing {unknown}
Books
 l - a book of Conjurations

   Spells                             Type                      Level
   a - Magic Dart                     Conjuration                  1
   b - Searing Ray                    Conjuration                  2
   c - Dazzling Spray                 Conjuration/Hexes            3
   d - Fulminant Prism                Conjuration/Hexes            4
   e - Iskenderun's Mystic Blast      Conjuration                  4
   f - Iskenderun's Battlesphere      Conjuration/Charms           5
Comestibles
 f - 7 bread rations
 m - a meat ration
 t - a beef jerky
 x - 17 fruits
 B - 5 chunks of flesh


   Skills:
 + Level 4.9 Fighting
 + Level 3.4 Long Blades
 + Level 5.0 Armour
 + Level 5.0 Shields


You had 5 spell levels left.
You didn't know any spells.

Dungeon Overview and Level Annotations

Branches:
Dungeon (4/15)
 Temple: D:4-7

Altars:
Dithmenos
Makhleb
Trog


Innate Abilities, Weirdness & Mutations

You are under a permanent stasis effect.
You can dig through walls and to a lower floor.
Your four strong arms can wield two-handed weapons with a shield.
You have a pair of large antennae on your head. (SInv)
You have sharp fingernails.
You have large cloven feet.
You expend magic power (3 MP) to strengthen your wands.


Message History

a - a +0 long sword (weapon)
The ogre hits you with a giant club!
You hit the ogre. Your kick misses the ogre.
The ogre is lightly wounded.
The ogre closely misses you.
You hit the ogre but do no damage.
The ogre is lightly wounded.
You block the ogre's attack.
You hit the ogre but do no damage. You kick the ogre, but do no damage.
The ogre is lightly wounded.
The ogre closely misses you.
You slash the ogre! You kick the ogre, but do no damage.
The ogre is moderately wounded.
The ogre looks more healthy.
The ogre hits you with a giant club!!
Ouch! That really hurt!
* * * LOW HITPOINT WARNING * * *
You hit the ogre. You kick the ogre, but do no damage.
The ogre is severely wounded.
The ogre hits you with a giant club!
You die...

###### ...... ############
...... #........... ......
#........[.. ......
#........... ...######......
#'#####..###
.........#+###+####..####..###
.......#...SO@.....).#........
.......#....#........#........
.[.....#....#.....)).#........
.......########...)#.#####.###
#...... ##.#.)#.# #.# #
#...... #..#..#≈. #.. #
#...... #.##..#≈≈. #.. #
#.#.)##≈≈.. #. # #.#..# ≈≈≈..
#


You could see an ogre and an adder.

Vanquished Creatures
  A merfolk avatar (Sewer)
  A siren (Sewer)
  A hound skeleton (D:4)
  4 gnolls (D:3)
  7 adders
  A river rat (Sewer)
  3 worms
  5 dart slugs
  6 leopard geckos
  6 ball pythons
  9 giant cockroaches
  12 goblins
  9 hobgoblins
  7 jackals
  A quokka (D:3)
  8 bats
  5 frilled lizards
  14 kobolds
  35 rats
135 creatures vanquished.

Notes
Turn   | Place    | Note
-------+----------+-------------------------------------------
     0 | D:1      | Jerry the Formicid Fighter began the quest for the Orb.
     0 | D:1      | Reached XP level 1. HP: 18/18 MP: 1/1
    94 | D:1      | Reached XP level 2. HP: 24/24 MP: 2/2
   298 | D:1      | Reached XP level 3. HP: 30/30 MP: 3/3
   748 | D:2      | Found a shadowy altar of Dithmenos.
  1221 | D:2      | Reached XP level 4. HP: 37/37 MP: 4/4
  1235 | D:2      | Found a faded altar of an unknown god.
  1816 | D:3      | Found a glowing drain.
  1822 | D:3      | Reached XP level 5. HP: 42/42 MP: 5/5
  1845 | Sewer    | Entered a sewer
  2266 | Sewer    | Noticed a malarious merfolk avatar
  2284 | Sewer    | Reached XP level 6. HP: 20/49 MP: 6/6
  2314 | Sewer    | Gained mutation: You have large cloven feet. [potion of mutation]
  2314 | Sewer    | Gained mutation: You have sharp fingernails. [potion of mutation]
  2314 | Sewer    | Gained mutation: You expend magic power (3 MP) to strengthen your wands. [potion of mutation]
  3073 | D:3      | Reached skill level 5 in Armour
  3273 | D:3      | Found a bloodstained altar of Trog.
  3847 | D:4      | Found a burning altar of Makhleb.
  3851 | D:4      | Got a transparent leather armour
  3862 | D:4      | Identified the +1 leather armour "Xuhacsi" {rC+ MR+ Dex+3} (You found it on level 4 of the Dungeon)
  3874 | D:4      | Became a worshipper of Makhleb the Destroyer
  3917 | D:4      | Reached skill level 5 in Shields
  3958 | D:4      | Noticed an ogre
  3972 | D:4      | Slain by an ogre

Skill      XL: |  1  2  3  4  5  6 |
---------------+-------------------+-----
Shields        | 4 5 |  5.0
Armour         | 4 5 |  5.0
Fighting       | 4 |  4.9
Long Blades    | 3 |  3.4

Action                   |  1- 3 |  4- 6 || total
-------------------------+-------+-------++-------
Melee: Long sword        |   137 |   317 ||   454
       Kick              |       |    22 ||    22
 Fire: Blowgun           |       |     1 ||     1
  Use: Potion            |       |     5 ||     5
  Eat: Chunk             |     1 |    10 ||    11
Armor: Scale mail        |    81 |   120 ||   201
       Skin              |       |     4 ||     4
Dodge: Dodged            |    53 |   125 ||   178
Block: Shield            |    79 |   177 ||   256
       Rpst.: Long sword |    16 |    38 ||    54
